 Dungeon Crawl Stone Soup version 0.20.1-1-g8b1a95d (webtiles) character file.

98 Phantomfrettchen the Insei (level 4, -1/28 HPs)
             Began as an Octopode Transmuter on Oct 7, 2017.
             Slain by a gnoll
             ... wielding a +0 halberd
              (11 damage)
             ... on level 2 of the Dungeon.
             The game lasted 00:06:12 (1550 turns).

Phantomfrettchen the Insei (Octopode Transmuter)    Turns: 1550, Time: 00:06:13

Health: -1/28      AC:  1    Str:  9    XL:     4   Next: 71%
Magic:  7/7        EV: 14    Int: 15    God:
Gold:   50         SH:  0    Dex: 11    Spells: 4/7 levels left

rFire    . . .     SeeInvis .     - Unarmed
rCold    . . .     Gourm    .   (no shield)
rNeg     . . .     Faith    +   (helmet restricted)
rPois    .         Spirit   .   d - amulet of faith
rElec    .         Reflect  .   q - -2 ring of dexterity (curse)
rCorr    .         Harm     .   (no ring)
MR       .....                  (no ring)
Stlth    ++........             (no ring)
Regen    0.1/turn               (no ring)
MPRegen  0.1/turn               (no ring)
                                (no ring)
                                (no ring)

@: appendage (expiring)
A: almost no armour, stealthy swim, amphibious, 8 rings, constrict 8, tentacle
spike 3, camouflage 1, gelatinous body 1
a: End Transformation


You were on level 2 of the Dungeon.
You were not hungry.
One of your tentacles had a temporary spike.
You visited 1 branch of the dungeon, and saw 2 of its levels.

You collected 50 gold pieces.

Inventory:

Missiles
 a - 27 arrows
 e - 53 sling bullets
 h - 59 stones (quivered)
 m - 29 bolts
Jewellery
 d - an amulet of faith (around mantle)
 q - a cursed -2 ring of dexterity (left tentacle)
Scrolls
 g - a scroll of identify {unknown}
 i - a scroll of noise {unknown}
 j - a scroll of remove curse {unknown}
 k - a scroll of random uselessness {unknown}
 l - 2 scrolls of amnesia {unknown}
Potions
 n - a potion of might {unknown}
 o - a potion of magic {unknown}
 r - a potion of degeneration {unknown}
Books
 b - a book of Changes

   Spells                             Type                      Level
   a - Beastly Appendage              Transmutation                1
   b - Sticks to Snakes               Transmutation                2
   c - Spider Form                    Transmutation/Poison         3
   d - Ice Form                       Ice/Transmutation            4
   e - Blade Hands                    Transmutation                5
Comestibles
 c - a bread ration
 f - 2 royal jellies
 p - 5 chunks of flesh


   Skills:
 * Level 1.4 Fighting
 + Level 1.9 Throwing
 * Level 2.8 Dodging
 - Level 4.0 Unarmed Combat
 - Level 2.0 Spellcasting
 - Level 2.0 Transmutations


You had 4 spell levels left.
You knew the following spells:

 Your Spells              Type           Power        Failure   Level  Hunger
a - Beastly Appendage     Tmut           #.....       10%         1    #......
b - Sticks to Snakes      Tmut           #.......     14%         2    ###....


Dungeon Overview and Level Annotations

Branches:
Dungeon (2/15)

Altars:


Innate Abilities, Weirdness & Mutations

You cannot wear most types of armour.
You are very stealthy in the water. (Stealth+)
You are amphibious.
You can wear up to eight rings at the same time.
You can use your tentacles to constrict eight enemies at once.
Your skin changes colour to match your surroundings (Stealth+).
Your rubbery body absorbs attacks. (AC +1, EV +1)
One of your tentacles bears a large vicious spike.


Message History

A gnoll comes into view.
A gnoll comes into view.
The gnoll closely misses you.
Your transformation is almost over.
The gnoll hits you.
The gnoll hits you from afar with a halberd!
You barely miss the gnoll. You grab the gnoll.
You constrict the gnoll, but do no damage.
The gnoll misses you. The gnoll barely misses you.
You tentacle-slap the gnoll but do no damage.
You constrict the gnoll, but do no damage.
The gnoll hits you.
You tentacle-slap the gnoll.
You pierce the gnoll, but do no damage.
The gnoll is lightly wounded.
You constrict the gnoll. The gnoll barely misses you. The gnoll misses you.
You tentacle-slap the gnoll.
You pierce the gnoll.
The gnoll is almost dead.
You constrict the gnoll.
The gnoll hits you from afar with a halberd!
You die...

#...........####.#.
#....#.......#....
#.......)........
#.....#....)...#
#....#.#......####g.
#...#._.#..<......g.
#....#.#.....####...
#....)#.............
#....@gg.....#####..
#.....#........#
#.....#........#
#.....#........#
#.....#........######
#.....######.........
####### ###.......
....... .......


You could see 2 gnolls.

Vanquished Creatures
  Jessica (D:2)
  2 adders (D:2)
  A worm (D:2)
  5 dart slugs (D:1)
  A leopard gecko (D:1)
  An orc (D:1)
  5 bats
  5 goblins (D:1)
  4 hobgoblins
  6 jackals (D:1)
  A quokka (D:2)
  3 frilled lizards
  5 kobolds
40 creatures vanquished.

Notes
Turn   | Place    | Note
-------+----------+-------------------------------------------
     0 | D:1      | Phantomfrettchen the Octopode Transmuter began the quest for the Orb.
     0 | D:1      | Reached XP level 1. HP: 13/13 MP: 3/3
   158 | D:1      | Reached XP level 2. HP: 15/18 MP: 5/5
   281 | D:1      | Learned a level 2 spell: Sticks to Snakes
   531 | D:1      | Reached XP level 3. HP: 10/23 MP: 6/6
   577 | D:1      | Reached skill level 4 in Unarmed Combat
   909 | D:1      | Reached skill level 1 in Throwing
  1339 | D:2      | Noticed Jessica
  1347 | D:2      | Killed Jessica
  1347 | D:2      | Reached XP level 4. HP: 13/28 MP: 5/7
  1475 | D:2      | Found a faded altar of an unknown god.
  1550 | D:2      | Slain by a gnoll

Skill      XL: |  1  2  3 |
---------------+----------+-----
Unarmed Combat | 4 |  4.0
Throwing       | 1 |  1.9
Fighting       | |  1.4
Dodging        | |  2.8
Spellcasting   | |  2.0
Transmutations | |  2.0

Action                   |  1- 3 |  4- 6 || total
-------------------------+-------+-------++-------
Melee: Unarmed           |    78 |    15 ||    93
       Tentacles         |    15 |     2 ||    17
       Constrict         |    23 |     5 ||    28
       Kick              |     3 |     3 ||     6
       Punch             |     3 |       ||     3
Throw: Stone             |     4 |       ||     4
 Cast: Beastly Appendage |     7 |     2 ||     9
 Stab: Sleeping          |     5 |       ||     5
  Eat: Chunk             |     1 |     1 ||     2
Armor: Skin              |     4 |     2 ||     6
Dodge: Dodged            |    32 |    13 ||    45
